 Dungeon Crawl Stone Soup version 0.28.0-45-g0d030f2227 (webtiles) character file.

Game seed: 14097540285840156556

60 Ablot the Grasshopper (level 4, -4/38 HPs)
             Began as a Gnoll Warper on Apr 5, 2022.
             Killed by divine providence
             ... invoked by an orc priest
              (14 damage)
             ... on level 3 of the Dungeon.
             The game lasted 00:01:53 (2168 turns).

Ablot the Grasshopper (Gnoll Warper)                Turns: 2168, Time: 00:01:54

Health: -4/38      AC:  4    Str: 13    XL:     4   Next: 6%
Magic:  11/11      EV: 12    Int: 12    God:
Gold:   33         SH:  0    Dex: 11    Spells: 11/13 levels left

rFire   . . .      SeeInvis .   a - +0 spear
rCold   . . .      Faith    .   (no shield)
rNeg    . . .      Spirit   .   b - +0 leather armour
rPois   .          Reflect  .   (no helmet)
rElec   .          Harm     .   (no cloak)
rCorr   .          Rampage  .   k - +0 pair of gloves
Will    .....                   (no boots)
Stlth   +.........              (no amulet)
HPRegen 0.12/turn               (no ring)
MPRegen 0.12/turn               (no ring)

@: no status effects
A: fangs 1, strong nose, distributed training
a: no special abilities


You were on level 3 of the Dungeon.
You visited 1 branch of the dungeon, and saw 3 of its levels.

You collected 33 gold pieces.

Inventory:

Hand Weapons
 a - a +0 spear (weapon)
Missiles
 d - 5 boomerangs of dispersal
 i - 86 stones
 n - a poisoned dart (quivered)
Armour
 b - a +0 leather armour (worn)
 k - a +0 pair of gloves (worn)
Scrolls
 c - a scroll of blinking
 e - a scroll of teleportation {unknown}
 m - a scroll of fog {unknown}
Potions
 f - a potion of attraction {unknown}
 g - a potion of degeneration {unknown}
 h - a potion of might {unknown}
 j - a potion of brilliance {unknown}
 l - a potion of cancellation {unknown}


   Skills:
 + Level 4.6 Fighting
 + Level 1.0 Short Blades
 + Level 1.0 Long Blades
 + Level 1.0 Axes
 + Level 1.0 Maces & Flails
 + Level 4.6 Polearms
 + Level 1.0 Staves
 + Level 1.0 Slings
 + Level 1.0 Bows
 + Level 1.0 Crossbows
 + Level 2.7 Throwing
 + Level 2.7 Armour
 + Level 4.6 Dodging
 + Level 1.0 Stealth
 + Level 1.0 Shields
 + Level 1.0 Unarmed Combat
 + Level 5.0 Spellcasting
 + Level 0.7 Conjurations
 + Level 0.7 Hexes
 + Level 0.7 Summonings
 + Level 0.7 Necromancy
 + Level 5.4 Translocations
 + Level 0.7 Transmutations
 + Level 0.7 Fire Magic
 + Level 0.7 Ice Magic
 + Level 0.7 Air Magic
 + Level 0.7 Earth Magic
 + Level 0.7 Poison Magic
 + Level 1.1 Invocations
 + Level 1.0 Evocations


You had 11 spell levels left.
You knew the following spells:

 Your Spells              Type           Power      Damage    Failure   Level
a - Blink                 Tloc           32%        N/A       4%          2

Your spell library contained the following spells:

 Spells                   Type           Power      Damage    Failure   Level
 Gell's Gravitas          Tloc           16%        N/A       9%          3
 Lesser Beckoning         Tloc           16%        N/A       9%          3
 Teleport Other           Tloc           16%        N/A       9%          3
 Ensorcelled Hibernation  Hex/Ice        8%         N/A       28%         2
 Spider Form              Tmut/Pois      4%         N/A       50%         3
 Manifold Assault         Tloc           16%        N/A       58%         5
 Anguish                  Hex/Necr       2%         N/A       88%         4


Dungeon Overview and Level Annotations

Branches:
Dungeon (3/15)

Altars:


Innate Abilities, Weirdness & Mutations

You have very sharp teeth.
Your uncanny sense of smell can sniff out nearby items.
Your experience applies equally to all skills.


Message History

Aim: an orc priest, wielding a +0 flail (lightly wounded, poisoned, 59% to hit)
You throw a poisoned dart. The poisoned dart hits the orc priest.
The orc priest is lightly wounded.
The orc priest miscasts a cantrip.
Throw: 4 darts (poison)
Press: ? - help, Q - select action, (/) - cycle Shift-Dir - straight line, f/p - orc priest
Aim: an orc priest, wielding a +0 flail (lightly wounded, poisoned, 59% to hit)
You throw a poisoned dart. The poisoned dart hits the orc priest.
The orc priest looks even sicker.
The orc priest is lightly wounded.
The orc priest calls down the wrath of Beogh upon you.
Pain shoots through your body!
Throw: 3 darts (poison)
Press: ? - help, Q - select action, (/) - cycle Shift-Dir - straight line, f/p - orc priest
Aim: an orc priest, wielding a +0 flail (lightly wounded, very poisoned, 59% to hit)
You throw a poisoned dart.
The poisoned dart closely misses the orc priest.
The poisoned dart closely misses the orc.
The orc priest hits you with a +0 flail!
You hit the orc priest.
The orc priest is heavily wounded.
The orc priest hits you with a +0 flail!
* * * LOW HITPOINT WARNING * * *
Throw: 2 darts (poison)
Press: ? - help, Q - select action, (/) - cycle Shift-Dir - straight line, f/p - orc priest
Aim: an orc priest, wielding a +0 flail (severely wounded, very poisoned, 59% to hit)
You throw a poisoned dart. The poisoned dart hits the orc priest.
The orc priest looks even sicker.
The orc priest is severely wounded.
The orc priest looks satisfied for a moment.
You hit the orc priest but do no damage.
You bite the orc priest.
The orc priest is severely wounded.
The orc priest drinks a potion.
The orc priest is healed!
You closely miss the orc priest. The orc priest misses you.
You barely miss the orc priest.
The orc priest is moderately wounded.
The orc priest calls down the wrath of Beogh upon you.
Beogh smites you!
You die...

.......##.# ..# .......#
>.# .... .......# #.# #..#
.......##.# #.# #..#
.......##.# #^# #..#
#.#.#.###.####.# ...## #
.......##......# #.(.#.#
#...#.###.###..###(....###
#...............@oo......#
##..#.###.###..###...#....
#......#................#
#####.##.###...........#
#.##.###...##...####
#.##............#
#....###........# ####.#
##.......# #.# #.##..


You could see an orc priest (very poisoned) and an orc.

Vanquished Creatures
  A hound skeleton (D:2)
  An adder (D:2)
  3 ball pythons
  2 endoplasms (D:1)
  6 goblins
  5 hobgoblins
  3 quokkas (D:1)
  5 bats (D:1)
  2 frilled lizards (D:1)
  5 kobolds
  5 rats (D:1)
38 creatures vanquished.

Vanquished Creatures (others)
  5 toadstools (D:1)
5 creatures vanquished.

Grand Total: 43 creatures vanquished

Notes
Turn   | Place    | Note
-------+----------+-------------------------------------------
     0 | D:1      | Ablot the Gnoll Warper began the quest for the Orb.
     0 | D:1      | Reached XP level 1. HP: 20/20 MP: 6/6
   198 | D:1      | Reached XP level 2. HP: 25/26 MP: 7/7
   201 | D:1      | Learned a level 2 spell: Blink
   852 | D:1      | Reached XP level 3. HP: 17/31 MP: 9/9
  1129 | D:1      | Reached skill level 5 in Spellcasting
  1426 | D:2      | Found a faded altar of an unknown god.
  1680 | D:2      | Reached skill level 1 in Invocations
  1829 | D:2      | Reached skill level 1 in Short Blades
  1829 | D:2      | Reached skill level 1 in Long Blades
  1829 | D:2      | Reached skill level 1 in Axes
  1829 | D:2      | Reached skill level 1 in Maces & Flails
  1829 | D:2      | Reached skill level 1 in Staves
  1829 | D:2      | Reached skill level 1 in Slings
  1829 | D:2      | Reached skill level 1 in Bows
  1829 | D:2      | Reached skill level 1 in Crossbows
  1829 | D:2      | Reached skill level 1 in Stealth
  1829 | D:2      | Reached skill level 1 in Shields
  1829 | D:2      | Reached skill level 1 in Unarmed Combat
  1829 | D:2      | Reached skill level 1 in Evocations
  2023 | D:3      | Reached XP level 4. HP: 38/38 MP: 11/11
  2168 | D:3      | Killed from afar by an orc priest

Illustrated notes

Levels and vault maps discovered:
D:1:      ldierk_walled_garden, layout_loops_corners
D:2:      layout_basic, nicolae_ecumenical_oubliette
D:3:      layout_basic, feat_on_display

Skill      XL: |  1  2  3 |
---------------+----------+-----
Spellcasting   | 5 |  5.0
Invocations    | 1 |  1.1
Short Blades   | 1 |  1.0
Long Blades    | 1 |  1.0
Axes           | 1 |  1.0
Maces & Flails | 1 |  1.0
Staves         | 1 |  1.0
Slings         | 1 |  1.0
Bows           | 1 |  1.0
Crossbows      | 1 |  1.0
Stealth        | 1 |  1.0
Shields        | 1 |  1.0
Unarmed Combat | 1 |  1.0
Evocations     | 1 |  1.0
Fighting       | |  4.6
Polearms       | |  4.6
Throwing       | |  2.7
Armour         | |  2.7
Dodging        | |  4.6
Conjurations   | |  0.7
Hexes          | |  0.7
Summonings     | |  0.7
Necromancy     | |  0.7
Translocations | |  5.4
Transmutations | |  0.7
Fire Magic     | |  0.7
Ice Magic      | |  0.7
Air Magic      | |  0.7
Earth Magic    | |  0.7
Poison Magic   | |  0.7

Action                   |  1- 3 |  4- 6 || total
-------------------------+-------+-------++-------
Melee: Spear             |   132 |    11 ||   143
       Bite              |     7 |     1 ||     8
Throw: Dart              |       |     6 ||     6
 Stab: Sleeping          |     3 |       ||     3
Armor: Leather armour    |    27 |     1 ||    28
Dodge: Dodged            |    57 |     1 ||    58
